[Event "Early Titled Tuesday Blitz | February 8 2022"]
[White "Vivas Zamora, Fabian Ernesto"]
[Black "Bortnyk, Olexandr"]
[WhiteFideId "3902480"]
[BlackFideId "14120828"]
[WhiteElo "1966"]
[BlackElo "2723"]
[Result "0-1"]
[Round "01"]
[TimeControl "180+1"]
[Date "2022.02.08"]
[WhiteClock "0:00:10"]
[BlackClock "0:00:15"]

1. c4 f5 2. Nc3 Nf6 3. g3 d6 4. Bg2 g6 5. d3 Bg7 6. e4 c6 7. Nf3 O-O 8. exf5 Bxf5 9. Nh4 Bg4 10. f3 Bd7 11. O-O Na6 12. d4 e5 13. dxe5 dxe5 14. Be3 Be6 15. Qe2 Qe7 16. Rad1 Rad8 17. Bxa7 g5 18. Rxd8 Rxd8 19. Bb6 Re8 20. Qxe5 gxh4 21. Re1 Nd7 22. Qa5 Nxb6 23. Qxb6 hxg3 24. hxg3 Qc5+ 25. Qxc5 Nxc5 26. Re2 Bxc3 27. bxc3 Bf7 28. Bf1 Rxe2 29. Bxe2 Na4 30. Kf2 Nxc3 31. Bd3 Nxa2 32. Ke3 c5 33. Be4 b6 34. Bd3 Kg7 35. Kf4 Nb4 36. Be2 Kf6 37. g4 h6 38. Ke4 Bg6+ 39. Kf4 Bd3 40. Bxd3 Nxd3+ 41. Ke4 Ne5 42. Kd5 Nxf3 43. Kc6 Ne5+ 44. Kxb6 Nxc4+ 45. Kxc5 Ne5 46. Kd5 Nxg4 47. Ke4 Kg5 48. Kf3 h5 49. Kg3 h4+ 50. Kh3 Nf6 51. Kg2 Kg4 52. Kf2 h3 53. Kg1 Kg3 54. Kh1 Ng4 55. Kg1 h2+ 56. Kf1 h1=Q+ 0-1


[Site "https://www.chess.com"]

[Event "Early Titled Tuesday Blitz | February 8 2022"]
[White "Vlassov, Nikolai"]
[Black "Samaganova, Aleksandra"]
[WhiteFideId "4103360"]
[BlackFideId "13800221"]
[WhiteElo "2407"]
[BlackElo "1859"]
[Result "1-0"]
[Round "01"]
[TimeControl "180+1"]
[Date "2022.02.08"]
[WhiteClock "0:00:23"]
[BlackClock "0:00:03"]

1. e4 c5 2. c3 Nf6 3. e5 Nd5 4. d4 cxd4 5. cxd4 d6 6. Bc4 e6 7. Nf3 Be7 8. O-O O-O 9. Qe2 Nc6 10. Nc3 Nxc3 11. bxc3 dxe5 12. dxe5 Qc7 13. Bd3 g6 14. Bh6 Rd8 15. h4 b5 16. Bxb5 Rd5 17. Rfe1 Bb7 18. h5 Rad8 19. hxg6 hxg6 20. Bc4 Rc5 21. Be3 Ra5 22. Bf4 Ra4 23. Bg3 Na5 24. Bb5 Re4 25. Qc2 Rxe1+ 26. Rxe1 Bxf3 27. gxf3 Qb7 28. Be2 Rc8 29. Bf4 Nc4 30. Kg2 Rc5 31. Bxc4 Rxc4 32. Re4 Rc8 33. Qb3 Qc6 34. c4 Bc5 35. Be3 a5 36. Qb5 Bb4 37. Qxc6 Rxc6 38. f4 Kf8 39. Kf3 Ke7 40. Ke2 Kd7 41. Kd3 Kc7 42. Kc2 Kb7 43. Kb3 Ka6 44. Rd4 Be7 45. Rd7 Bb4 46. Ra7# 1-0


[Site "https://www.chess.com"]

[Event "Early Titled Tuesday Blitz | February 8 2022"]
[White "Vokhidov, Shamsiddin"]
[Black "Poormosavi, Seyed Kian"]
[WhiteFideId "14204223"]
[BlackFideId "12585807"]
[WhiteElo "2611"]
[BlackElo "2116"]
[Result "1-0"]
[Round "01"]
[TimeControl "180+1"]
[Date "2022.02.08"]
[WhiteClock "0:01:16"]
[BlackClock "0:00:38"]

1. e4 c6 2. d4 d5 3. e5 c5 4. Nf3 Nc6 5. dxc5 Bg4 6. c3 e6 7. b4 Nxe5 8. Qa4+ Qd7 9. Bb5 Nc6 10. Ne5 Nxe5 11. Bxd7+ Nxd7 12. O-O Nf6 13. Re1 Be7 14. Bf4 a5 15. Bd6 Bxd6 16. cxd6 O-O 17. Nd2 axb4 18. Qxb4 b6 19. Nb3 Bf5 20. Nd4 Bd3 21. Nc6 Ne4 22. Re3 Ba6 23. Rxe4 dxe4 24. Qxe4 Bb7 25. Ne7+ Kh8 26. Qxb7 Nf6 27. Nc6 1-0


[Site "https://www.chess.com"]

[Event "Early Titled Tuesday Blitz | February 8 2022"]
[White "Volkov, Maksim"]
[Black "Araujo Filho, Luiz Antonio Coel"]
[WhiteFideId "54123070"]
[BlackFideId "2130661"]
[WhiteElo "2081"]
[BlackElo "2212"]
[Result "1-0"]
[Round "01"]
[TimeControl "180+1"]
[Date "2022.02.08"]
[WhiteClock "0:00:12"]
[BlackClock "0:00:01"]

1. d4 f5 2. c4 Nf6 3. Nc3 g6 4. Nf3 Bg7 5. e3 O-O 6. b4 d6 7. Qb3 c6 8. a4 Qe8 9. Be2 Kh8 10. Bb2 e5 11. dxe5 dxe5 12. O-O h6 13. Rfd1 g5 14. Nxe5 Qxe5 15. Nd5 Qxb2 16. Qxb2 Nxd5 17. Rd4 c5 18. bxc5 Ne7 19. Rad1 Nbc6 20. Qa3 Nxd4 21. exd4 Bd7 22. d5 Ng6 23. Qb4 Rab8 24. a5 Nf4 25. Bf1 Rfe8 26. g3 Ng6 27. Bg2 f4 28. Qa3 a6 29. c6 bxc6 30. dxc6 Bg4 31. Rf1 f3 32. Bxf3 Bxf3 33. Qxf3 Rbc8 34. Qd5 Re7 35. Qd6 Kh7 36. Rb1 Rec7 37. Rb6 Bf8 38. Qe6 Bg7 39. Rxa6 Ne7 40. Rb6 Nxc6 41. a6 Na7 42. Rb7 Rxb7 43. axb7 Rb8 44. Qe4+ 1-0


[Site "https://www.chess.com"]

[Event "Early Titled Tuesday Blitz | February 8 2022"]
[White "Vovk, Orest"]
[Black "Grischuk, Alexander"]
[WhiteFideId "14113490"]
[BlackFideId "4126025"]
[WhiteElo "2203"]
[BlackElo "2762"]
[Result "0-1"]
[Round "01"]
[TimeControl "180+1"]
[Date "2022.02.08"]
[WhiteClock "0:00:05"]
[BlackClock "0:00:28"]

1. h4 e5 2. h5 h6 3. d4 exd4 4. Qxd4 Nc6 5. Qa4 Nf6 6. g4 b5 7. Qxb5 Rb8 8. Qd3 d5 9. g5 hxg5 10. Bxg5 Rxb2 11. a3 Be7 12. h6 gxh6 13. Rxh6 Rxh6 14. Bxh6 Qd6 15. Nf3 Ne4 16. Bc1 Rb6 17. Nc3 Nxc3 18. Qxc3 Bf6 19. Qe3+ Be6 20. c3 d4 21. Qh6 Qc5 22. Bd2 dxc3 23. Qxf6 cxd2+ 24. Nxd2 Nd4 25. Bg2 Nc2+ 26. Kf1 Nxa1 27. Qxa1 Qc2 28. Qh8+ Kd7 29. Qh6 Qd1# 0-1


[Site "https://www.chess.com"]

[Event "Early Titled Tuesday Blitz | February 8 2022"]
[White "Xiong, Jeffery"]
[Black "Ronka, Erik"]
[WhiteFideId "2047640"]
[BlackFideId "505080"]
[WhiteElo "2727"]
[BlackElo "2264"]
[Result "1-0"]
[Round "01"]
[TimeControl "180+1"]
[Date "2022.02.08"]
[WhiteClock "0:02:05"]
[BlackClock "0:00:05"]

1. d4 Nf6 2. Nf3 g6 3. Nbd2 c5 4. dxc5 Qa5 5. a3 Qxc5 6. b4 Qc7 7. Bb2 Bg7 8. g3 O-O 9. Bg2 b6 10. O-O Bb7 11. c4 d6 12. Qb3 Nbd7 13. Rfd1 Rac8 14. Rac1 Rfd8 15. Nf1 Qb8 16. Ne3 Be4 17. Bh3 Qa8 18. Ng5 Bb7 19. c5 d5 20. Bxf6 exf6 21. Nxd5 fxg5 22. Ne7+ Kf8 23. Nxc8 Qxc8 24. cxb6 Ne5 1-0


[Site "https://www.chess.com"]

[Event "Early Titled Tuesday Blitz | February 8 2022"]
[White "Yirik, Volkan"]
[Black "Gunina, Valentina"]
[WhiteFideId "6300782"]
[BlackFideId "4167570"]
[WhiteElo "2314"]
[BlackElo "2465"]
[Result "1-0"]
[Round "01"]
[TimeControl "180+1"]
[Date "2022.02.08"]
[WhiteClock "0:01:20"]
[BlackClock "0:00:03"]

1. e4 c6 2. d4 d5 3. Nc3 dxe4 4. f3 e3 5. Bxe3 Nf6 6. Bd3 g6 7. Nge2 Bg7 8. Qd2 O-O 9. Bh6 Na6 10. h4 Nb4 11. h5 Nxd3+ 12. cxd3 Qa5 13. Bxg7 Kxg7 14. hxg6 fxg6 15. Qh6+ Kg8 16. O-O-O Rf7 17. Kb1 Nd5 18. Nxd5 Qxd5 19. Nf4 Qd6 20. g3 Bf5 21. Ne2 Qd5 22. g4 Be6 23. Nc3 Qxd4 24. Ne4 Qg7 25. Qe3 Qe5 26. Qh6 Qd5 27. b3 Raf8 28. Ng5 a5 29. Nxh7 Rxf3 30. Nxf8 Kf7 31. Nxe6 a4 32. Ng5+ Kf6 33. Nxf3 a3 34. Qg5+ 1-0


[Site "https://www.chess.com"]

[Event "Early Titled Tuesday Blitz | February 8 2022"]
[White "Yuan, Qingyu"]
[Black "Wahedi, Ahmad Siar"]
[WhiteFideId "8609772"]
[BlackFideId "4651260"]
[WhiteElo "2359"]
[BlackElo "2356"]
[Result "1-0"]
[Round "01"]
[TimeControl "180+1"]
[Date "2022.02.08"]
[WhiteClock "0:00:03"]
[BlackClock "0:00:01"]

1. Nf3 Nf6 2. g3 g6 3. b3 Bg7 4. Bb2 O-O 5. Bg2 c5 6. c4 Nc6 7. O-O d6 8. d4 cxd4 9. Nxd4 Bd7 10. Nd2 Nxd4 11. Bxd4 Bc6 12. Nf3 Qd7 13. Rc1 Rfc8 14. Qc2 Be4 15. Qb2 Qc6 16. Rfd1 a6 17. b4 b6 18. a3 Qb7 19. Ne1 Bxg2 20. Nxg2 Rc7 21. Ne3 Rac8 22. Qb3 h5 23. Bxf6 Bxf6 24. Nd5 Rd7 25. Qe3 b5 26. Nxf6+ exf6 27. c5 dxc5 28. bxc5 Rd5 29. Rxd5 Qxd5 30. c6 Rc7 31. Qb6 Qd6 32. Qxa6 Kg7 33. h4 b4 34. axb4 Qxb4 35. Qd3 Qb2 36. Qc4 Qe5 37. Kg2 Qd6 38. Rc3 Qe5 39. Rc2 Qd6 40. Qe4 Qa3 41. Qd5 Qe7 42. e3 Qa3 43. Rc4 Qe7 44. Rc3 Qb4 45. Rc2 Qa4 46. Rc4 Qa6 47. Rc5 Qb6 48. Qd6 Qb8 49. Rc4 Qc8 50. Rc5 Qb8 51. e4 Qb6 52. e5 fxe5 53. Qxe5+ Kg8 54. Rd5 Qxc6 55. Kh2 Rc8 56. Rd6 Qc5 57. Qf6 Qc4 58. Qe5 Rf8 59. Qf6 Rc8 60. Qe5 Qc5 61. Rd8+ Kh7 62. Rh8+ Rxh8 63. Qxc5 Re8 64. Qg5 Re6 65. Qd8 Kg7 66. Kg2 Kh7 67. Qd4 Kg8 68. Qd5 Kg7 69. Kf3 Kg8 70. Kf4 Rf6+ 71. Kg5 Rxf2 72. Kh6 g5 73. Qd8# 1-0


[Site "https://www.chess.com"]

[Event "Early Titled Tuesday Blitz | February 8 2022"]
[White "Yushko, Olga"]
[Black "Ozkan, Taha"]
[WhiteFideId "14114500"]
[BlackFideId "34577173"]
[WhiteElo "2028"]
[BlackElo "2024"]
[Result "1-0"]
[Round "01"]
[TimeControl "180+1"]
[Date "2022.02.08"]
[WhiteClock "0:00:19"]
[BlackClock "0:01:37"]

1. d4 d5 2. c4 c6 3. cxd5 cxd5 4. Nc3 Nf6 5. Nf3 Nc6 6. Bf4 Bf5 7. e3 e6 8. Bd3 Bxd3 9. Qxd3 Bd6 10. Bg5 O-O 11. O-O a6 12. Rac1 Rc8 13. a3 b5 14. e4 dxe4 15. Nxe4 Be7 16. Rfd1 Nxe4 17. Bxe7 Nxe7 18. Qxe4 Qd5 19. Qg4 Rfd8 20. h4 h5 21. Qf4 Qf5 22. Qg3 g6 23. Rc7 Nd5 24. Rc5 Nf4 25. Rxc8 Rxc8 26. Qg5 Qxg5 27. hxg5 Rc2 28. b4 Rc3 29. Ra1 Nd5 30. Kf1 Nb6 31. Ke2 Nc4 32. a4 Rc2+ 33. Ke1 Nb2 34. axb5 axb5 35. Ra8+ Kg7 36. Rb8 Nd3+ 37. Kd1 Rxf2 38. Rxb5 Rxg2 39. Rb7 Rb2 40. b5 Rf2 41. Nd2 h4 42. Ne4 Rb2 43. Nf6 Rf2 44. Rb8 Rxf6 45. gxf6+ Kxf6 46. b6 h3 47. b7 Kg7 48. Rh8 Kxh8 49. b8=Q+ Kg7 50. Qg3 Nb4 51. Qxh3 Nd5 52. Qg3 Kf8 53. Qd6+ Kg7 54. Kd2 Nf6 55. Qe5 Kg8 56. Qxf6 Kf8 57. Ke3 Ke8 58. Kf4 Kd7 59. Qxf7+ Kc6 60. Qxe6+ Kb5 61. Qxg6 Kb4 62. Qc6 Kb3 63. d5 Kb2 64. d6 Ka1 65. d7 Kb1 66. d8=Q Kb2 67. Qb8+ Ka1 68. Qa4# 1-0


[Site "https://www.chess.com"]

[Event "Early Titled Tuesday Blitz | February 8 2022"]
[White "Zaichenko, Daria"]
[Black "Pinheiro, Iung Alicio de O."]
[WhiteFideId "4197453"]
[BlackFideId "2104350"]
[WhiteElo "2039"]
[BlackElo "2605"]
[Result "0-1"]
[Round "01"]
[TimeControl "180+1"]
[Date "2022.02.08"]
[WhiteClock "0:00:53"]
[BlackClock "0:01:12"]

1. e4 c6 2. Nf3 d5 3. exd5 cxd5 4. d4 Nc6 5. Bd3 Bg4 6. c3 Nf6 7. Be3 e6 8. Qc2 Bxf3 9. gxf3 Bd6 10. Nd2 Rc8 11. a3 Nh5 12. Nf1 Qf6 13. Qe2 Nf4 14. Bxf4 Bxf4 15. Ne3 h5 16. Nxd5 Qh6 17. Nxf4 Qxf4 18. Qe4 Qf6 19. Rg1 g6 20. d5 Ne5 21. dxe6 Nxf3+ 22. Kf1 Nd2+ 23. Kg2 Nxe4 24. exf7+ Kxf7 25. Bxe4 Rc7 26. Kh1 g5 27. f4 g4 28. Rae1 Re8 29. Bd5+ Kf8 30. h3 Rxe1 31. Rxe1 Qh4 32. Re3 Re7 33. Be6 Qf2 34. Re5 g3 0-1


[Site "https://www.chess.com"]

[Event "Early Titled Tuesday Blitz | February 8 2022"]
[White "Zarnicki, Pablo"]
[Black "Andreikin, Dmitry"]
[WhiteFideId "100137"]
[BlackFideId "4158814"]
[WhiteElo "2467"]
[BlackElo "2736"]
[Result "0-1"]
[Round "01"]
[TimeControl "180+1"]
[Date "2022.02.08"]
[WhiteClock "0:01:04"]
[BlackClock "0:01:06"]

1. e4 c5 2. Nf3 e6 3. c3 Nf6 4. e5 Nd5 5. Bc4 Nc6 6. O-O d6 7. d4 cxd4 8. cxd4 Nb6 9. Bb3 dxe5 10. dxe5 Qxd1 11. Rxd1 Be7 12. Nc3 O-O 13. Be3 Nd7 14. Bf4 Nc5 15. Bc2 b6 16. Ne4 Nb4 17. Bb1 Bb7 18. Nd6 Bxf3 19. gxf3 Rad8 20. Be3 Nd5 21. Bxc5 bxc5 22. Nc4 Nf4 23. Be4 Rd4 24. Rxd4 cxd4 25. Rd1 Rd8 26. Kf1 g5 27. Na5 Rd7 28. Nc6 Bc5 29. b4 Bb6 30. a4 d3 31. a5 Bc7 32. Nxa7 Bxa5 33. Nc6 Bb6 34. b5 d2 35. Bc2 Kg7 36. Ra1 Rd5 37. Rb1 Rc5 38. Nb4 Ba5 39. b6 Bxb4 40. b7 Rxc2 0-1


[Site "https://www.chess.com"]

[Event "Early Titled Tuesday Blitz | February 8 2022"]
[White "Zhigalko, Sergei"]
[Black "Aggelis, Nikolaos"]
[WhiteFideId "13502956"]
[BlackFideId "4213220"]
[WhiteElo "2662"]
[BlackElo "2154"]
[Result "1-0"]
[Round "01"]
[TimeControl "180+1"]
[Date "2022.02.08"]
[WhiteClock "0:00:52"]
[BlackClock "0:01:11"]

1. e4 e5 2. Nf3 Nc6 3. Bc4 Bc5 4. b4 Bxb4 5. c3 f5 6. cxb4 fxe4 7. b5 d5 8. bxc6 bxc6 9. Nxe5 Qg5 10. Qa4 Ne7 11. Bxd5 Qf5 12. Bxc6+ 1-0


[Site "https://www.chess.com"]

[Event "Early Titled Tuesday Blitz | February 8 2022"]
[White "Zubov, Alexander"]
[Black "Carlsson, Ludvig"]
[WhiteFideId "14109409"]
[BlackFideId "1727010"]
[WhiteElo "2685"]
[BlackElo "2178"]
[Result "0-1"]
[Round "01"]
[TimeControl "180+1"]
[Date "2022.02.08"]
[WhiteClock "0:01:04"]
[BlackClock "0:01:02"]

1. d4 e6 2. c4 d5 3. Nf3 a6 4. cxd5 exd5 5. Nc3 c6 6. Bf4 Bd6 7. Bg3 Nf6 8. e3 Bf5 9. Qb3 b5 10. Be2 O-O 11. Bxd6 Qxd6 12. Nh4 Be6 13. Qc2 Nbd7 14. O-O c5 15. dxc5 Qxc5 16. Nf3 b4 17. Rfc1 bxc3 18. Qxc3 Qxc3 19. Rxc3 a5 20. Nd4 Rfc8 21. Ra3 Ne5 22. b3 Nc6 23. Nb5 Nb4 24. Nd4 Nc2 25. Nxc2 Rxc2 26. Bd3 Rcc8 27. f3 Kf8 28. Kf2 Ke7 29. Ke2 Nd7 30. Kd2 h6 31. Re1 Nc5 32. Bb5 Nb7 33. Bd3 Nd6 34. Rb1 h5 35. Ra4 g6 36. Rd4 Rc5 37. h3 Rac8 38. a4 Bf5 39. Rb2 Bxd3 40. Rxd3 Ke6 41. Rd4 Nf5 42. Rd3 h4 43. Ra2 Ke5 44. Rb2 Rc1 45. e4 dxe4 46. fxe4 Kxe4 47. Rd7 Rg1 0-1


[Site "https://www.chess.com"]

[Event "Early Titled Tuesday Blitz | February 8 2022"]
[White "Abdrlauf, Elham"]
[Black "Agibileg, Uurtsaikh"]
[WhiteFideId "1533533"]
[BlackFideId "4901606"]
[WhiteElo "2334"]
[BlackElo "2205"]
[Result "1-0"]
[Round "02"]
[TimeControl "180+1"]
[Date "2022.02.08"]
[WhiteClock "0:00:34"]
[BlackClock "0:00:11"]

1. e4 c5 2. Nf3 e6 3. c3 Nf6 4. e5 Nd5 5. Bc4 d6 6. d4 cxd4 7. cxd4 Be7 8. O-O O-O 9. Qe2 Nc6 10. Nc3 Nxc3 11. bxc3 dxe5 12. dxe5 Qa5 13. Bd3 Rd8 14. Bf4 Qxc3 15. Rad1 Bd7 16. h4 Be8 17. h5 Nd4 18. Qe4 Nxf3+ 19. Qxf3 Qc6 20. Qg3 Qa4 21. Bh6 g6 22. Bg5 Qa3 23. h6 Rac8 24. Qh4 Bxg5 25. Qxg5 Rd5 26. Be4 Rxd1 27. Rxd1 Qa4 28. Rd6 Qa3 29. Kh2 Qc1 30. f4 1-0


[Site "https://www.chess.com"]

[Event "Early Titled Tuesday Blitz | February 8 2022"]
[White "Aggelis, Nikolaos"]
[Black "Dejmek, Mark"]
[WhiteFideId "4213220"]
[BlackFideId "2017628"]
[WhiteElo "2154"]
[BlackElo "2198"]
[Result "1-0"]
[Round "02"]
[TimeControl "180+1"]
[Date "2022.02.08"]
[WhiteClock "0:01:24"]
[BlackClock "0:00:22"]

1. d4 Nf6 2. g3 g6 3. Bg2 Bg7 4. Nf3 O-O 5. O-O c5 6. dxc5 Na6 7. Be3 Ng4 8. Bd4 e5 9. Bc3 Nxc5 10. h3 Nf6 11. Bxe5 d5 12. Nc3 Nce4 13. Nxe4 dxe4 14. Qxd8 Rxd8 15. Ng5 e3 16. fxe3 h6 17. Bxf6 Bxf6 18. Rxf6 hxg5 19. Be4 Bxh3 20. Kh2 Be6 21. Raf1 Rac8 22. Bxg6 Kg7 23. Bxf7 Bxf7 24. Rxf7+ Kg6 25. g4 Rd6 26. c3 Re8 27. Rxb7 Rxe3 28. Rf2 Rd2 29. Kg2 Rdxe2 30. Rxe2 Rxe2+ 31. Kf3 Rh2 32. a4 a5 33. b4 axb4 34. cxb4 Kf6 35. a5 Ke5 36. a6 Rh3+ 37. Ke2 Ra3 38. a7 Kd5 39. b5 Kc5 40. b6 Kc6 41. Rb8 1-0


[Site "https://www.chess.com"]

[Event "Early Titled Tuesday Blitz | February 8 2022"]
[White "Al Hosani, Omran"]
[Black "Kravtsiv, Martyn"]
[WhiteFideId "9308733"]
[BlackFideId "14113147"]
[WhiteElo "2246"]
[BlackElo "2694"]
[Result "0-1"]
[Round "02"]
[TimeControl "180+1"]
[Date "2022.02.08"]
[WhiteClock "0:00:03"]
[BlackClock "0:00:03"]

1. d4 d5 2. c4 e6 3. Nc3 Bb4 4. Qa4+ Nc6 5. Nf3 Bd7 6. Qc2 Nf6 7. e3 O-O 8. Bd3 Bd6 9. a3 dxc4 10. Bxc4 e5 11. dxe5 Nxe5 12. Be2 Bc6 13. Nxe5 Bxe5 14. O-O Qd6 15. f4 Bxc3 16. Qxc3 Rad8 17. b4 Ne4 18. Qc2 Rfe8 19. b5 Bd5 20. Bb2 Qg6 21. Bf3 Ng5 22. Qxg6 Nxf3+ 23. gxf3 hxg6 24. Bd4 b6 25. Rfc1 Rd7 26. Kf2 Re6 27. Rc3 c5 28. bxc6 Rxc6 29. Rxc6 Bxc6 30. a4 Bb7 31. a5 bxa5 32. Rxa5 a6 33. f5 gxf5 34. Rxf5 f6 35. Rc5 Kf7 36. h4 Bd5 37. Kg3 Be6 38. Kf4 Bd5 39. e4 Be6 40. Ke3 Rb7 41. Ra5 Bc4 42. Ra3 Rb1 43. Rc3 Bb5 44. Rc7+ Kg8 45. h5 Rh1 46. Rc8+ Kh7 47. Rc7 Kh6 48. e5 fxe5 49. Bxe5 Rxh5 50. Bxg7+ Kg6 51. Bd4 Rh1 52. Rg7+ Kf5 53. Rf7+ Ke6 54. Rf6+ Kd5 55. Rf5+ Kc4 56. Rc5+ Kb4 57. Rc8 a5 58. Bc5+ Kb3 59. Rb8 Kc4 60. Be7 a4 61. f4 Re1+ 62. Kf3 Rxe7 63. f5 Ra7 64. Rc8+ Kb4 65. Rc1 a3 66. Kf4 Bc4 67. f6 a2 0-1


[Site "https://www.chess.com"]

[Event "Early Titled Tuesday Blitz | February 8 2022"]
[White "Alavkin, Arseny"]
[Black "Todorovic, Bojan"]
[WhiteFideId "4120612"]
[BlackFideId "917087"]
[WhiteElo "2391"]
[BlackElo "2266"]
[Result "1-0"]
[Round "02"]
[TimeControl "180+1"]
[Date "2022.02.08"]
[WhiteClock "0:02:11"]
[BlackClock "0:00:57"]

1. d4 g6 2. Nf3 Bg7 3. c4 c5 4. d5 Nf6 5. Nc3 O-O 6. h3 d6 7. Bf4 Na6 8. e4 Nc7 9. Be2 e5 10. dxe6 Nxe6 11. Bxd6 Re8 12. O-O Nd4 13. Bxc5 Nxe2+ 14. Qxe2 Qc7 15. Bd4 Nxe4 16. Nxe4 Bf5 17. Bxg7 Rxe4 18. Qd3 Rd8 19. Qc3 Rxc4 20. Qe5 Qc6 21. Bh6 f6 22. Qe7 Qd7 23. Rfe1 g5 24. Qxf6 1-0


[Site "https://www.chess.com"]

[Event "Early Titled Tuesday Blitz | February 8 2022"]
[White "Alekseev, Evgeny"]
[Black "Volkov, Maksim"]
[WhiteFideId "4138147"]
[BlackFideId "54123070"]
[WhiteElo "2589"]
[BlackElo "2081"]
[Result "1-0"]
[Round "02"]
[TimeControl "180+1"]
[Date "2022.02.08"]
[WhiteClock "0:00:19"]
[BlackClock "0:00:05"]

1. e4 c5 2. Nf3 d6 3. Bb5+ Nd7 4. d4 cxd4 5. Qxd4 a6 6. Be2 Ngf6 7. O-O e5 8. Qe3 Be7 9. c4 O-O 10. Nc3 Nc5 11. Nd2 Ne6 12. Nb3 a5 13. a4 Nd7 14. Rd1 Ndc5 15. Nxc5 Nxc5 16. Nd5 Ra6 17. b3 Ne6 18. Nxe7+ Qxe7 19. Bb2 Nc5 20. Ba3 Be6 21. Rab1 b6 22. Rd2 Raa8 23. Rbd1 Rad8 24. f3 g6 25. Bf1 Kg7 26. Bb2 f6 27. g3 Bc8 28. Bg2 g5 29. Kf2 Kh8 30. Rh1 Bb7 31. h4 f5 32. exf5 Rxf5 33. Ke1 gxh4 34. Rxh4 Rg8 35. Rh3 Rfg5 36. f4 Bxg2 37. Rxg2 Rf5 38. Rgh2 Rf7 39. fxe5 Rgg7 40. e6 Nxe6 41. Rxh7+ Kg8 42. Rh8# 1-0


[Site "https://www.chess.com"]

[Event "Early Titled Tuesday Blitz | February 8 2022"]
[White "Aloma Vidal, Robert"]
[Black "Sorokin, Aleksey"]
[WhiteFideId "2260409"]
[BlackFideId "24176460"]
[WhiteElo "2435"]
[BlackElo "2476"]
[Result "0-1"]
[Round "02"]
[TimeControl "180+1"]
[Date "2022.02.08"]
[WhiteClock "0:01:10"]
[BlackClock "0:01:56"]

1. e4 c5 2. c3 Nf6 3. e5 Nd5 4. Nf3 d6 5. exd6 e6 6. g3 Bxd6 7. Bg2 O-O 8. O-O Nc6 9. d4 b6 10. c4 Nde7 11. Nc3 Bb7 12. d5 exd5 13. cxd5 Nb4 14. Ng5 h6 15. Nge4 Nbxd5 16. Nxd6 Qxd6 17. Re1 Rad8 18. Ne4 Qg6 19. Qa4 Bc6 20. Qa6 Nb4 21. Qe2 Nf5 22. h4 Nd4 23. Qc4 Ndc2 24. Bd2 Rd4 25. Qb3 Nxa1 0-1


[Site "https://www.chess.com"]

[Event "Early Titled Tuesday Blitz | February 8 2022"]
[White "Andreikin, Dmitry"]
[Black "Yuan, Qingyu"]
[WhiteFideId "4158814"]
[BlackFideId "8609772"]
[WhiteElo "2736"]
[BlackElo "2359"]
[Result "1-0"]
[Round "02"]
[TimeControl "180+1"]
[Date "2022.02.08"]
[WhiteClock "0:01:53"]
[BlackClock "0:00:44"]

1. c4 e6 2. Nc3 d5 3. d4 Nf6 4. Bg5 dxc4 5. e3 c5 6. Bxc4 cxd4 7. exd4 Nc6 8. Nf3 Be7 9. O-O O-O 10. Re1 a6 11. a4 b6 12. d5 Nxd5 13. Bxd5 exd5 14. Qxd5 Bxg5 15. Qxc6 Rb8 16. Rad1 Qf6 17. Rd6 Be6 18. Ne4 Qf4 19. Nexg5 Rfc8 20. Rdxe6 fxe6 21. Qxe6+ Kf8 22. Nxh7# 1-0


[Site "https://www.chess.com"]

[Event "Early Titled Tuesday Blitz | February 8 2022"]
[White "Annaberdiyev, Babageldi"]
[Black "Moskvin, Anatoly"]
[WhiteFideId "14000385"]
[BlackFideId "24199990"]
[WhiteElo "2332"]
[BlackElo "2079"]
[Result "1-0"]
[Round "02"]
[TimeControl "180+1"]
[Date "2022.02.08"]
[WhiteClock "0:02:00"]
[BlackClock "0:01:41"]

1. e4 e5 2. Nf3 Nc6 3. Bc4 Nf6 4. d4 exd4 5. O-O Nxe4 6. Re1 d5 7. Bxd5 Qxd5 8. Nc3 Qa5 9. Nxe4 Be6 10. Neg5 O-O-O 11. Nxe6 fxe6 12. Rxe6 Bd6 13. Bg5 Rde8 14. Qe2 Kd7 15. Rxe8 Rxe8 16. Qd3 Ne5 17. Qf5+ Re6 18. Nxd4 Nf3+ 19. gxf3 Qxf5 20. Nxf5 Rg6 21. h4 h6 22. Nxd6 cxd6 23. f4 hxg5 24. hxg5 Re6 25. Kg2 Re2 26. Rc1 d5 27. Kf3 Re4 28. c4 Rxc4 29. Rxc4 dxc4 30. Ke4 b5 31. f5 a5 32. Kd4 Kd6 33. a4 bxa4 34. Kxc4 Ke5 35. f6 gxf6 36. gxf6 Kxf6 37. Kb5 a3 38. bxa3 Kf5 39. Kxa5 Kf4 40. Kb6 Kf3 41. a4 1-0


[Site "https://www.chess.com"]

[Event "Early Titled Tuesday Blitz | February 8 2022"]
[White "Artemenko, Oleg"]
[Black "Grandelius, Nils"]
[WhiteFideId "14201798"]
[BlackFideId "1710400"]
[WhiteElo "2287"]
[BlackElo "2617"]
[Result "0-1"]
[Round "02"]
[TimeControl "180+1"]
[Date "2022.02.08"]
[WhiteClock "0:00:04"]
[BlackClock "0:00:08"]

1. d4 d5 2. Nc3 Bf5 3. Bf4 e6 4. e3 Bb4 5. Bd3 Bg6 6. h4 c5 7. h5 Bxd3 8. Qxd3 Nc6 9. Ne2 h6 10. a3 Bxc3+ 11. Nxc3 cxd4 12. exd4 Nf6 13. O-O-O Rc8 14. f3 a6 15. g4 b5 16. Rdg1 b4 17. Ne2 Qa5 18. Bd2 Qa4 19. Kb1 bxa3 20. Qxa3 Qxa3 21. bxa3 Ke7 22. Ka2 Na7 23. Bb4+ Ke8 24. c3 Nc6 25. Bd6 Na5 26. Rb1 Nc4 27. Bf4 Nd7 28. Rb7 Ke7 29. Rhb1 Ra8 30. Nc1 Na5 31. R7b4 Rhc8 32. Ra4 Nc4 33. Rab4 f6 34. Nd3 e5 35. Bc1 a5 36. Rb7 Nd6 37. R7b2 Rxc3 38. dxe5 fxe5 39. Rd2 Nc4 40. Rd1 Rc8 41. Ne1 Nf6 42. Rb7+ Kf8 43. g5 hxg5 44. Bxg5 Rxa3+ 45. Kb1 d4 46. h6 Nh7 47. hxg7+ Kg8 48. Bh6 a4 49. Rd3 Nf6 50. Rxa3 Nxa3+ 51. Ka2 Nc4 52. Nd3 e4 53. fxe4 Nxe4 54. Nf4 Nc3+ 55. Ka1 Re8 56. Ne6 Nd6 57. Rd7 Rxe6 58. Rd8+ Ne8 59. Kb2 Nb5 60. Bc1 Kxg7 61. Kc2 Kf7 62. Rb8 Nbd6 63. Ra8 Nf5 64. Rxa4 Ned6 65. Kd3 Re1 66. Bd2 Rh1 67. Ra5 Rh3+ 68. Kc2 Ke6 69. Bf4 Rf3 70. Bd2 Rf2 71. Kd3 Rxd2+ 72. Kxd2 Nc4+ 73. Kd3 Nxa5 74. Ke4 Nc6 75. Kd3 Kd5 0-1


[Site "https://www.chess.com"]

[Event "Early Titled Tuesday Blitz | February 8 2022"]
[White "Atanasov, Anthony"]
[Black "Arabidze, Meri"]
[WhiteFideId "2623897"]
[BlackFideId "13604040"]
[WhiteElo "1928"]
[BlackElo "2329"]
[Result "1/2-1/2"]
[Round "02"]
[TimeControl "180+1"]
[Date "2022.02.08"]
[WhiteClock "0:00:04"]
[BlackClock "0:01:14"]

1. d4 d5 2. Bf4 Nf6 3. e3 e6 4. Nf3 Bd6 5. Nbd2 O-O 6. c3 c5 7. Bd3 Nc6 8. Bg3 b6 9. e4 Be7 10. e5 Nh5 11. Ng5 Bxg5 12. Qxh5 g6 13. Qe2 cxd4 14. h4 Bh6 15. h5 dxc3 16. bxc3 g5 17. O-O Bg7 18. h6 Bxh6 19. Qh5 Kg7 20. f4 Bd7 21. Nf3 gxf4 22. Bh4 f6 23. Qg4+ Kh8 24. Qh5 Kg7 25. Qg4+ Kh8 26. Qh5 Kg7 1/2-1/2


[Site "https://www.chess.com"]

[Event "Early Titled Tuesday Blitz | February 8 2022"]
[White "Atzl, Florian"]
[Black "Iskusnyh, Sergei"]
[WhiteFideId "1635891"]
[BlackFideId "4120027"]
[WhiteElo "2085"]
[BlackElo "2492"]
[Result "0-1"]
[Round "02"]
[TimeControl "180+1"]
[Date "2022.02.08"]
[WhiteClock "0:00:55"]
[BlackClock "0:01:03"]

1. e4 e6 2. d4 d5 3. Nd2 c5 4. exd5 exd5 5. Ngf3 Nc6 6. Bb5 cxd4 7. O-O Bd6 8. Re1+ Ne7 9. Nxd4 O-O 10. N2f3 Bg4 11. h3 Bh5 12. Nb3 Bc7 13. Bg5 Qd6 14. Nbd2 h6 15. Be3 Nf5 16. Nf1 Nxe3 17. Rxe3 Rad8 18. Ng3 Bg6 19. Nh4 Bb6 20. Rf3 Nd4 21. Nxg6 Nxf3+ 22. Qxf3 fxg6 23. Qg4 Bxf2+ 24. Kh1 Bxg3 25. Bd3 Rf6 26. Rd1 Rdf8 27. Be2 Kh7 28. Bf3 Rxf3 29. gxf3 Bf4 30. Rg1 Rf5 31. Rd1 Rg5 32. Qh4 Qe6 33. Qxf4 Qxh3+ 34. Qh2 Qxf3+ 0-1


[Site "https://www.chess.com"]